 Dungeon Crawl Stone Soup version 0.27-a0-1189-gb8eb6cee8e (webtiles) character file.

Game seed: 17160199058813570918

287565 Vomitron the Warrior (level 19, -10/181 HPs)
             Began as a Minotaur Brigand on May 20, 2021.
             Was the Champion of the Shining One.
             Mangled by a vault warden
             ... wielding a +2 antimagic great sword
              (39 damage)
             ... on level 3 of the Vaults on May 23, 2021.
             The game lasted 01:41:15 (41167 turns).

Vomitron the Warrior (Minotaur Brigand)            Turns: 41167, Time: 01:41:15

Health: -10/181    AC: 26    Str: 20    XL:     19   Next: 86%
Magic:  5/30       EV: 18    Int:  8    God:    the Shining One [******]
Gold:   1050       SH: 14    Dex: 16    Spells: 18/18 levels left

rFire    . . .     SeeInvis .   u - +9 trishula (holy)
rCold    + . .     Faith    +   V - +0 kite shield {AC+3}
rNeg     + + +     Spirit   .   S - +7 Kryia's mail coat {PotionHeal*2 rC+}
rPois    +         Reflect  .   (helmet restricted)
rElec    .         Harm     .   U - +0 cloak {rPois}
rCorr    .         Rampage  .   R - +0 pair of gloves {archery}
Will     +++..                  q - +0 pair of boots
Stlth    +.........             H - amulet of faith
HPRegen  0.40/turn              W - ring of willpower
MPRegen  0.22/turn              x - ring of willpower

@: glowing, studying Dodging
A: horns 2, retaliatory headbutt, sense surroundings 1, wild magic 1
}: 2/15 runes: barnacled, gossamer
a: Renounce Religion, Divine Shield, Cleansing Flame, Summon Divine Warrior


You were on level 3 of the Vaults.
You worshipped the Shining One.
The Shining One was exalted by your worship.
You visited 6 branches of the dungeon, and saw 33 of its levels.
You also visited: Ice Cave.

You collected 4864 gold pieces.
You spent 3814 gold pieces at shops.

Inventory:

Hand Weapons
 u - a +9 trishula of holy wrath (weapon)
 X - a +2 long sword of electrocution
Missiles
 d - 118 poisoned darts (quivered)
 e - 2 curare-tipped darts
 T - 9 throwing nets
 Y - 46 javelins
Armour
 q - a +0 pair of boots (worn)
 R - a +0 pair of gloves of archery (worn)
 S - the +7 Kryia's mail coat (worn) {PotionHeal*2 rC+}
   (You found it on level 11 of the Dungeon)

   It protects you from cold.
 U - a +0 cloak of poison resistance (worn)
 V - a +0 kite shield of protection (worn)
Jewellery
 l - an amulet of regeneration
 x - a ring of willpower (right hand)
 y - the amulet of Muruver {Spirit rF+}
   (You found it in an ice cave)

   [amulet of guardian spirit]

   It causes incoming damage to be divided between your reserves of health and
   magic.
   It protects you from fire.
 B - a ring of protection from cold
 D - a ring of resist corrosion
 H - an amulet of faith (around neck)
 Q - a ring of see invisible
 W - a ring of willpower (left hand)
Wands
 z - a wand of flame (80)
 E - a wand of digging (15)
 G - a wand of polymorph (43)
 I - a wand of acid (6)
 J - a wand of paralysis (17)
 L - a wand of iceblast (50)
 P - a wand of charming (27)
Scrolls
 c - a scroll of blinking
 f - 8 scrolls of teleportation
 g - a scroll of summoning
 j - 4 scrolls of fog
 m - a scroll of fear
 n - 7 scrolls of identify
 r - 7 scrolls of amnesia
 t - 5 scrolls of enchant armour
 v - a scroll of silence
 N - 2 scrolls of magic mapping
 Z - 2 scrolls of brand weapon
Potions
 a - a potion of heal wounds
 b - 5 potions of attraction
 h - 6 potions of brilliance
 i - 3 potions of berserk rage
 k - 4 potions of magic
 o - 6 potions of curing
 p - 5 potions of flight
 s - 5 potions of might
 w - 4 potions of haste
 A - a potion of mutation
 F - 6 potions of resistance
 K - a potion of cancellation
 M - 4 potions of ambrosia
 O - 4 potions of lignification
Miscellaneous
 C - a phantom mirror


   Skills:
 + Level 18.9 Fighting
 - Level 2.1(8.8) Short Blades
 - Level 13.9(14.0) Long Blades
 + Level 13.3 Polearms
 - Level 2.0 Throwing
 - Level 17.5 Armour
 + Level 15.3 Dodging
 - Level 3.2 Stealth
 + Level 14.0 Shields
 + Level 16.7 Invocations


You had 18 spell levels left.
You didn't know any spells.
Your spell library contained the following spells:

 Spells                   Type           Power      Damage    Failure   Level
 Animate Skeleton         Necr           0%         N/A       75%         1
 Apportation              Tloc           0%         N/A       75%         1
 Beastly Appendage        Tmut           0%         N/A       75%         1
 Corona                   Hex            0%         N/A       75%         1
 Foxfire                  Conj/Fire      0%         2x1d4     75%         1
 Freeze                   Ice            0%         1d3       75%         1
 Pain                     Necr           0%         1d4       75%         1
 Summon Small Mammal      Summ           0%         N/A       75%         1
 Call Imp                 Summ           0%         N/A       87%         2
 Static Discharge         Conj/Air       0%         N/A       87%         2
 Wereblood                Tmut           0%         N/A       87%         2
 Call Canine Familiar     Summ           0%         N/A       98%         3
 Confusing Touch          Hex            0%         N/A       98%         3
 Conjure Flame            Conj/Fire      0%         6-21      98%         3
 Frozen Ramparts          Ice            0%         1d2       98%         3
 Gell's Gravitas          Tloc           0%         N/A       98%         3
 Inner Flame              Hex/Fire       0%         N/A       98%         3
 Ozocubu's Armour         Ice            0%         N/A       98%         3
 Spider Form              Tmut/Pois      0%         N/A       98%         3
 Summon Guardian Golem    Hex/Summ       0%         N/A       98%         3
 Vampiric Draining        Necr           0%         2d6       98%         3
 Animate Dead             Necr           0%         N/A       100%        4
 Cause Fear               Hex            0%         N/A       100%        4
 Hailstorm                Conj/Ice       0%         3d3       100%        4
 Ice Form                 Ice/Tmut       0%         N/A       100%        4
 Petrify                  Tmut/Erth      0%         N/A       100%        4
 Sticky Flame             Conj/Fire      0%         2d3       100%        4
 Summon Ice Beast         Ice/Summ       0%         N/A       100%        4
 Summon Lightning Spire   Summ/Air       0%         N/A       100%        4
 Agony                    Necr           0%         N/A       100%        5
 Fireball                 Conj/Fire      0%         3d3       100%        5
 Hydra Form               Tmut           0%         N/A       100%        5
 Lightning Bolt           Conj/Air       0%         1d11      100%        5
 Metabolic Englaciation   Hex/Ice        0%         N/A       100%        5
 Yara's Violent Unravell  Hex/Tmut       0%         3d3       100%        5
 Freezing Cloud           Conj/Ice/Air   0%         6-21      100%        6
 Simulacrum               Ice/Necr       0%         N/A       100%        6
 Dragon Form              Tmut           0%         N/A       100%        7
 Ozocubu's Refrigeration  Ice            0%         4d5       100%        7
 Ignition                 Fire           0%         3d3       100%        8
 Dragon's Call            Summ           0%         N/A       100%        9
 Shatter                  Erth           0%         3d5*      100%        9
 Tornado                  Air            0%         N/A       100%        9


Dungeon Overview and Level Annotations

Branches:
Dungeon (14/15)            Temple (0/1) D:4            Lair (6/6) D:11
 Shoals (4/4) Lair:2       Spider (4/4) Lair:4        Slime (0/5) Lair:6
    Orc (2/2) D:12            Elf (0/3) Orc:2        Vaults (3/5) D:13
  Crypt (0/3) Vaults:3      IceCv (visited)

Altars:
Ashenzari
Cheibriados
Dithmenos
Elyvilon
Hepliaklqana
Kikubaaqudgha
Nemelex Xobeh
Qazlal
Ru
Sif Muna
Vehumet
Wu Jian
Zin
The Shining One
Beogh

Shops:
D:2 !   D:3 ?   D:13 (((=*   Orc:2 ?![[   Shoals:3 =   Vaults:2 [

Portals:
Trove: Vaults:2 (give 16 scrolls of teleportation)

Annotations:
D:10 1 runed translucent door
D:13 4 runed translucent doors
Lair:1 2 runed translucent doors, ZappyNine's ghost, journeyman GnFi
Lair:5 exclusion: oklob plant
Lair:6 exclusion: oklob plant


Innate Abilities, Weirdness & Mutations

You have a pair of horns on your head.
You reflexively headbutt those who attack you in melee.
You passively map a small area around you.
Your spells are a little harder to cast, but a little more powerful.


Message History

A vault warden comes into view. It is wielding a +0 war axe.
The +7 Kryia's mail coat enhances the healing.
You feel much better.
The vault warden hits you with a +2 antimagic great sword!!
* * * LOW HITPOINT WARNING * * *
Unknown command.
Unknown command.
Unknown command.
The vault warden activates a sealing rune.
An orc warlord comes into view. It is wielding a +0 glaive.
A yaktaur captain comes into view.
The yaktaur captain shouts!
The yaktaur captain wields a +0 arbalest.
The yaktaur captain shoots a bolt.
The bolt barely misses you.
The vault warden activates a sealing rune.
The vault warden activates a sealing rune.
Reach: u) +9 trishula (holy)
Press: ? - help, Dir - move target, f - vault warden
Aim: a vault warden, wielding a +2 antimagic great sword and wearing a +0 plate armour (heavily wounded, strong, haloed, about 13% to evade your +9 trishula of holy wrath)
You reach to attack!
You hit the vault warden.
The vault warden is heavily wounded.
Unknown command.
The yaktaur shoots a bolt.
You block the bolt.
The yaktaur shoots a bolt.
The bolt hits you!
* * * LOW HITPOINT WARNING * * *
The yaktaur shoots a bolt.
You block the bolt.
The yaktaur shoots a bolt.
You block the bolt.
The yaktaur unwields a +0 arbalest.
The yaktaur hits you but does no damage.
The yaktaur no longer looks unusually strong.
Items here: ( )) [[ ††.
Items here: ( )) [ †.
You puncture the vault warden!
The vault warden is heavily wounded.
You puncture the vault warden!
You headbutt the vault warden, but do no damage.
The vault warden is severely wounded.
The vault warden activates a sealing rune.
The vault warden hits you with a +2 antimagic great sword!!!
You die...

#######'##### #.........#
######.........#
.....#.........# #######
.....#.........###.....##
.....#.........##..##...##
..<..#.......p.#..##..#..#
.....#.........#.##p.o##.#
..(..#..)......+@##.>.##.#
.....#.........#p##...##.#
.....+.........#cc#..##..#
.....#.........##.p.##..##
######.........###op...##
# #.........# ####### #
#...).....# # ##'#########
#.......#


You could see an orc warlord, 2 vault wardens, a yaktaur captain, an ironbound
convoker and a yaktaur.

Vanquished Creatures
  Nikola (Spider:1)
  A bone dragon (Vaults:3)
  Rupert (D:13)
  Frances (D:14)
  A sphinx (Vaults:1)
  2 tengu reavers
  Donald (Spider:2)
  The ghost of Jomugh the Phalangite, an adept MfAM of Okawaru (Spider:4)
  A rockslime (IceCv)
  2 azure jellies (IceCv)
  3 vault wardens (Vaults:3)
  Aizul (Spider:1)
  6 ghost moths
  3 emperor scorpions
  5 quicksilver oozes (IceCv)
  A war gargoyle (Vaults:1)
  3 very ugly things (Vaults:2)
  A stone giant (Vaults:2)
  8 ironbound preservers
  A deep elf demonologist (Vaults:2)
  3 spark wasps
  4 entropy weavers
  6 dire elephants
  7 merfolk javelineers
  Snorg (Lair:5)
  A crystal guardian (Vaults:1)
  Harold (D:11)
  3 yaktaur captains
  4 merfolk impalers
  Josephine (D:11)
  A boulder beetle (D:13)
  A rakshasa (D:13)
  13 hydras
  An ice dragon (D:13)
  A catoblepas (D:13)
  A peacekeeper (Vaults:1)
  A ghost crab (Spider:2)
  4 merfolk avatars
  A death knight (D:13)
  7 ironbound thunderhulks
  6 merfolk aquamancers
  5 ironbound frosthearts
  11 centaur warriors
  A satyr (Shoals:4)
  2 two-headed ogres
  7 death scarabs (Spider:4)
  6 death yaks
  2 tengu warriors (D:14)
  Urug (Lair:2)
  6 ironbound beastmasters
  An orc high priest (Orc:2)
  12 sea snakes
  31 deep trolls
  An orange crystal statue (D:13)
  5 skeletal warriors (D:13)
  4 wizards
  12 ironbound convokers
  4 orc knights
  3 lindwurms
  10 orb spiders
  21 harpies
  15 ugly things
  2 spectral wolf spiders (Spider:4)
  14 wolf spiders
  Pikel (D:5)
  A deep elf pyromancer (D:13)
  3 fauns (Shoals:2)
  3 orc sorcerers (Orc:2)
  42 slime creatures
  3 cyclopes
  4 elephants (Lair:3)
  A moth of wrath (Spider:1)
  13 manticores
  2 black mambas (Lair:6)
  10 vault sentinels
  2 ice statues (IceCv)
  10 merfolk sirens
  2 torpor snails
  7 cane toads
  6 water nymphs
  A gargoyle (D:11)
  A rime drake (Lair:4)
  An unseen horror (D:13)
  3 kobold demonologists
  5 spectral redbacks (Spider:4)
  9 komodo dragons
  9 demonic crawlers
  16 yaktaurs
  3 tengu conjurers
  2 very ugly thing simulacra (IceCv)
  An entropy weaver simulacrum (IceCv)
  7 wind drakes
  3 harpy zombies (Shoals:1)
  25 merfolk
  25 jumping spiders
  A jumping spider zombie (Spider:4)
  3 trolls
  3 tyrant leeches (Spider:2)
  3 spectral tarantellas (Spider:4)
  8 hornets
  4 polar bears
  2 spectral jumping spiders (Spider:4)
  12 dream sheep
  19 blink frogs
  A tarantella zombie (Spider:4)
  5 snapping turtles
  Sigmund (D:4)
  A centaur simulacrum (D:13)
  17 tarantellas
  A tarantella (shapeshifter) (D:14)
  40 redbacks
  A redback (shapeshifter) (Vaults:3)
  2 wyverns
  16 humans
  38 yaks
  6 spriggans (Lair:6)
  8 water elementals
  9 wraiths
  5 basilisks
  A steam dragon (D:6)
  A redback simulacrum (Spider:4)
  12 vampire mosquitoes
  2 demonic crawler simulacra (IceCv)
  10 water moccasins
  2 wargs (Orc:1)
  4 acid dragons
  Duvessa (D:6)
  A spectral hornet (Spider:4)
  A tarantella simulacrum (Spider:4)
  7 black bears
  19 orc warriors
  2 sky beasts
  3 ugly thing simulacra (IceCv)
  26 wolves
  3 boggarts (Lair:6)
  10 centaurs
  9 ogres
  2 phantoms
  5 kobold brigands
  2 scorpions
  A glowing shapeshifter simulacrum (IceCv)
  9 bullfrogs
  Dowan (D:6)
  2 orb spider simulacra (Spider:4)
  A gnoll sergeant (D:8)
  4 killer bees (D:9)
  4 howler monkeys
  14 wights
  2 bullfrog zombies
  2 centaur zombies
  20 orc priests
  A bullfrog skeleton (D:4)
  5 hounds
  A jelly (D:6)
  An iron imp (D:4)
  4 iguanas
  20 orc wizards
  A hound zombie (D:5)
  4 hound skeletons
  6 adders
  5 gnolls (D:8)
  A howler monkey skeleton (D:7)
  A white imp (D:7)
  An ufetubus (D:4)
  A worm (D:4)
  4 dart slugs
  64 orcs
  6 bats
  3 bat zombies (Shoals:1)
  3 endoplasms
  5 giant cockroaches
  5 goblins
  3 hobgoblins (D:2)
  4 jackals
  6 quokkas
  4 ball pythons
  5 frilled lizards
  12 kobolds
  10 rats
1084 creatures vanquished.

Vanquished Creatures (collateral kills)
  Mara (Shoals:4)
  Bai Suzhen (Shoals:4)
  Arachne (Spider:3)
  Ilsuiw (Shoals:4)
  The ghost of Jomugh the Phalangite, an adept MfAM of Okawaru (Spider:3)
  A ghost moth (Spider:4)
  4 emperor scorpions (Spider:4)
  A merfolk javelineer (Shoals:4)
  A satyr (Shoals:4)
  A death scarab (Spider:4)
  2 death yaks (Lair:6)
  3 orc high priests (Orc:2)
  A spectral emperor scorpion (Spider:4)
  2 sea snakes (Shoals:4)
  3 spectral wolf spiders (Spider:4)
  2 wolf spider zombies (Spider:4)
  A manticore (Shoals:4)
  An orc sorcerer (Orc:2)
  An orc knight (Orc:2)
  7 orb spiders
  2 wolf spiders
  A moth of wrath (Spider:4)
  A merfolk siren (Shoals:4)
  A torpor snail (Lair:6)
  2 spectral redbacks (Spider:4)
  A demonic crawler (Spider:2)
  A redback zombie (Spider:4)
  A spectral jumping spider (Spider:4)
  2 wind drakes (Shoals:4)
  7 jumping spiders
  5 blink frogs (Lair:6)
  2 spectral tarantellas (Spider:4)
  4 merfolk (Shoals:4)
  2 hornets
  8 redbacks
  5 spriggans (Lair:6)
  8 tarantellas
  A yak (Lair:6)
  An emperor scorpion simulacrum (Spider:4)
  A warg (Orc:2)
  4 orc warriors (Orc:2)
  A spectral hornet (Spider:4)
  2 wolves (Lair:6)
  A boggart (Lair:6)
  An orb spider simulacrum (Spider:4)
  2 orc priests (Orc:2)
  4 orc wizards (Orc:2)
  3 orcs (Orc:2)
110 creatures vanquished.

Vanquished Creatures (others)
  A merfolk impaler (Shoals:4)
  A sea snake (Shoals:4)
  3 tyrant leeches (Spider:2)
  A jumping spider (Spider:1)
  2 redbacks (Spider:1)
  A water elemental (Shoals:4)
  An ugly thing simulacrum (IceCv)
  A bullfrog (D:6)
  A glowing shapeshifter simulacrum (IceCv)
  An endoplasm (D:3)
  A bat (D:3)
  A bush (Shoals:3)
  16 fungi
  104 plants
135 creatures vanquished.

Grand Total: 1329 creatures vanquished

Notes
Turn   | Place    | Note
-------+----------+-------------------------------------------
     0 | D:1      | Vomitron the Minotaur Brigand began the quest for the Orb.
     0 | D:1      | Reached XP level 1. HP: 18/18 MP: 0/0
    30 | D:1      | Reached skill level 1 in Long Blades
   186 | D:1      | Reached XP level 2. HP: 23/25 MP: 1/1
   267 | D:1      | Found a faded altar of an unknown god.
   279 | D:1      | Became a worshipper of the Shining One
   279 | D:1      | Reached * piety under the Shining One
   282 | D:1      | Reached skill level 1 in Armour
   943 | D:2      | Reached XP level 3. HP: 29/30 MP: 2/2
   972 | D:2      | Reached skill level 3 in Fighting
  1204 | D:2      | Found Vovous's Distillery.
  1208 | D:2      | Bought a potion of curing for 30 gold pieces
  1309 | D:2      | Reached skill level 1 in Invocations
  1448 | D:2      | Reached ** piety under the Shining One
  1450 | D:2      | Reached XP level 4. HP: 37/38 MP: 3/3
  1631 | D:3      | Found a stormy altar of Qazlal.
  1975 | D:3      | Found a sacrificial altar of Ru.
  2031 | D:3      | Reached XP level 5. HP: 41/45 MP: 5/5
  2247 | D:3      | Found Purilat's Magic Scroll Shoppe.
  2255 | D:3      | Bought a scroll of fear for 38 gold pieces
  2709 | D:4      | Reached skill level 4 in Fighting
  3076 | D:4      | Found a snail-covered altar of Cheibriados.
  3083 | D:4      | Reached XP level 6. HP: 49/52 MP: 6/6
  3180 | D:4      | Found a staircase to the Ecumenical Temple.
  3256 | D:4      | Noticed Sigmund
  3498 | D:4      | Killed Sigmund
  3499 | D:4      | Reached skill level 5 in Long Blades
  3499 | D:4      | Reached XP level 7. HP: 26/60 MP: 6/8
  3822 | D:5      | Entered Level 5 of the Dungeon
  3851 | D:5      | Found a shadowy altar of Dithmenos.
  3852 | D:5      | Found a sparkling altar of Nemelex Xobeh.
  3882 | D:5      | Reached skill level 5 in Fighting
  4009 | D:5      | Identified the +11 war axe of Battle {vorpal, rF+ rN+
                  | rCorr}
  4041 | D:5      | Reached *** piety under the Shining One
  4141 | D:5      | Noticed Pikel
  4152 | D:5      | Killed Pikel
  4153 | D:5      | Reached skill level 5 in Armour
  4153 | D:5      | Reached XP level 8. HP: 51/70 MP: 8/10
  4563 | D:5      | Reached skill level 6 in Fighting
  5458 | D:6      | Reached XP level 9. HP: 65/78 MP: 11/11
  5595 | D:6      | Reached skill level 5 in Invocations
  5719 | D:6      | Reached skill level 7 in Fighting
  5753 | D:6      | Noticed Dowan
  5753 | D:6      | Noticed Duvessa
  5761 | D:6      | Killed Duvessa
  5763 | D:6      | Killed Dowan
  5935 | D:6      | Found a white marble altar of Elyvilon.
  6396 | D:7      | Found an ornate altar of the Wu Jian Council.
  6699 | D:7      | Found a glowing silver altar of Zin.
  6959 | D:8      | Reached **** piety under the Shining One
  6969 | D:8      | Reached skill level 10 in Long Blades
  7123 | D:8      | Found a broken altar of Ashenzari.
  7269 | D:8      | Found a radiant altar of Vehumet.
  7570 | D:8      | Reached skill level 8 in Fighting
  7588 | D:8      | Reached XP level 10. HP: 88/88 MP: 13/13
  7802 | D:8      | Found an ancient bone altar of Kikubaaqudgha.
  7805 | D:8      | Found a shimmering blue altar of Sif Muna.
  7809 | D:8      | Identified Kikubaaqudgha's Collected Works on Black Rituals
  8279 | D:9      | Found a hazy altar of Hepliaklqana.
  8667 | D:9      | Reached ***** piety under the Shining One
  8675 | D:9      | Reached skill level 9 in Fighting
  9118 | D:10     | Entered Level 10 of the Dungeon
  9161 | D:10     | Reached XP level 11. HP: 81/97 MP: 15/15
  9642 | D:10     | Found a runed translucent door.
  9645 | D:10     | Noticed a fire crab
  9871 | D:11     | Found the +7 Kryia's mail coat {PotionHeal*2 rC+}
  9897 | D:11     | Reached skill level 10 in Fighting
  9923 | D:11     | Noticed an eight-headed hydra
 10035 | D:11     | Killed a four-headed hydra
 10036 | D:11     | Reached skill level 5 in Dodging
 10148 | D:11     | Noticed Josephine
 10160 | D:11     | Killed Josephine
 10169 | D:11     | Reached skill level 10 in Armour
 10268 | D:11     | Noticed Harold
 10277 | D:11     | Killed Harold
 10443 | D:11     | Found a staircase to the Lair.
 10731 | Lair:1   | Entered Level 1 of the Lair of Beasts
 10933 | Lair:1   | Noticed a six-headed hydra
 10963 | Lair:1   | Killed a one-headed hydra
 10964 | Lair:1   | Reached XP level 12. HP: 42/108 MP: 17/17
 11128 | Lair:1   | Found a large runed translucent door.
 11128 | Lair:1   | Found a large runed translucent door.
 11130 | Lair:1   | Noticed ZappyNine's ghost (journeyman GnFi)
 11693 | Lair:2   | Noticed Urug
 11702 | Lair:2   | Killed Urug
 11703 | Lair:2   | Reached skill level 11 in Fighting
 11757 | Lair:2   | Found a staircase to the Shoals.
 11983 | Lair:2   | Noticed a six-headed hydra
 11994 | Lair:2   | Killed a two-headed hydra
 12917 | Lair:3   | Noticed a five-headed hydra
 12934 | Lair:3   | Killed a one-headed hydra
 12979 | Lair:3   | You fall into a shaft and drop 1 floor!
 12986 | Lair:4   | Found a hole to the Spider Nest.
 13932 | Lair:4   | Noticed a six-headed hydra
 13937 | Lair:4   | Killed a three-headed hydra
 14232 | Lair:4   | Noticed a seven-headed hydra
 14247 | Lair:4   | Killed a one-headed hydra
 14248 | Lair:4   | Reached XP level 13. HP: 75/117 MP: 19/19
 14599 | D:2      | Bought a potion of curing for 30 gold pieces
 14599 | D:2      | Bought a potion of curing for 30 gold pieces
 14599 | D:2      | Bought a potion of might for 40 gold pieces
 14599 | D:2      | Bought a potion of curing for 30 gold pieces
 14599 | D:2      | Bought a potion of curing for 30 gold pieces
 14917 | Lair:4   | Reached skill level 10 in Invocations
 14986 | Lair:4   | Reached skill level 12 in Fighting
 15599 | Lair:5   | Noticed Snorg
 15613 | Lair:5   | Killed Snorg
 16255 | Lair:6   | Entered Level 6 of the Lair of Beasts
 16330 | Lair:6   | Reached ****** piety under the Shining One
 16750 | Lair:6   | Reached skill level 13 in Fighting
 16859 | Lair:6   | Reached skill level 10 in Dodging
 16887 | Lair:6   | Reached skill level 1 in Shields
 16957 | Lair:6   | Reached XP level 14. HP: 95/129 MP: 21/21
 16960 | Lair:6   | Found a staircase to the Slime Pits.
 17725 | D:12     | Found a staircase to the Orcish Mines.
 18385 | Orc:1    | Entered Level 1 of the Orcish Mines
 18543 | Orc:2    | Entered Level 2 of the Orcish Mines
 18949 | Orc:1    | Found a shimmering blue altar of Sif Muna.
 19533 | Orc:2    | Found Hiseocs's Antique Armour Emporium.
 19566 | Orc:2    | Gained mutation: Your muscles are strong. (Str +2) [a
                  | neqoxec]
 19628 | Orc:2    | Gained mutation: You are frail. (-10% HP) [a neqoxec]
 19670 | Orc:2    | Paralysed by an orc sorcerer for 2 turns
 19769 | Orc:2    | Found Jir Ducs's Antique Armour Emporium.
 19770 | Orc:2    | Found Walori's Distillery.
 19770 | Orc:2    | Found Dihuublo's Magic Scroll Shop.
 19780 | Orc:2    | Bought 2 potions of heal wounds for 150 gold pieces
 19780 | Orc:2    | Bought a potion of curing for 45 gold pieces
 19879 | Orc:2    | Found a staircase to the Elven Halls.
 20072 | Orc:2    | Bought citrine-encrusted quicksilver dragon scales for 1690
                  | gold pieces
 20072 | Orc:2    | Identified the quicksilver dragon scales of Guampe {rN+
                  | Will+ Int+3 SInv} (You bought it in a shop on level 2 of
                  | the Orcish Mines)
 20318 | Spider:1 | Entered Level 1 of the Spider Nest
 20596 | Spider:1 | Reached skill level 14 in Fighting
 20627 | Spider:1 | Lost mutation: You are frail. (-10% HP) [potion of
                  | mutation]
 20627 | Spider:1 | Lost mutation: Your muscles are strong. (Str +2) [potion of
                  | mutation]
 20627 | Spider:1 | Gained mutation: You passively map a small area around you.
                  | [potion of mutation]
 20627 | Spider:1 | Gained mutation: Your spells are a little harder to cast,
                  | but a little more powerful. [potion of mutation]
 20731 | Spider:1 | Noticed Nikola
 20745 | Spider:1 | Noticed a ghost moth
 20782 | Spider:1 | Killed Nikola
 20849 | Spider:1 | Killed a ghost moth
 21424 | Spider:2 | Noticed Aizul
 21465 | Spider:1 | The Shining One protects you from harm!
 21467 | Spider:1 | Killed Aizul
 21721 | Spider:2 | Reached XP level 15. HP: 115/139 MP: 23/23
 22115 | Spider:2 | Noticed a ghost moth
 22134 | Spider:2 | Killed a ghost moth
 22302 | Spider:2 | Noticed Donald
 22319 | Spider:2 | Killed Donald
 22676 | Spider:3 | Identified a +4 trishula of holy wrath (a +2 demon trident
                  | of flaming blessed by the Shining One)
 22676 | Spider:3 | Received a gift from the Shining One
 22832 | Spider:3 | Reached skill level 1 in Polearms
 23315 | Spider:3 | Reached skill level 5 in Shields
 23556 | Spider:3 | Noticed Arachne
 23588 | Spider:3 | Killed Arachne
 23600 | Spider:3 | Reached skill level 15 in Fighting
 23851 | Spider:3 | Reached skill level 15 in Armour
 23936 | Spider:3 | Found a runed translucent gate.
 23936 | Spider:3 | Found a runed translucent gate.
 23937 | Spider:3 | Found a runed translucent gate.
 23939 | Spider:3 | Noticed Jomugh's ghost (adept MfAM)
 24085 | Spider:3 | Killed Jomugh's ghost
 24500 | Spider:4 | Entered Level 4 of the Spider Nest
 24509 | Spider:4 | Noticed a ghost moth
 24511 | Spider:4 | Paralysed by a hornet for 1 turns
 24639 | Spider:4 | Killed a ghost moth
 25137 | Spider:4 | Noticed a ghost moth
 25147 | Spider:4 | Killed a ghost moth
 25339 | Spider:4 | Noticed a ghost moth
 25359 | Spider:4 | Killed a ghost moth
 25649 | Spider:4 | Reached XP level 16. HP: 149/149 MP: 25/25
 25680 | Spider:4 | Reached skill level 5 in Polearms
 26080 | Spider:4 | Got a gossamer rune of Zot
 26203 | Spider:4 | Found a runed translucent gate.
 26203 | Spider:4 | Found a runed translucent gate.
 26203 | Spider:4 | Found a runed translucent gate.
 26209 | Spider:4 | Noticed Jomugh's ghost (adept MfAM)
 26223 | Spider:4 | Killed Jomugh's ghost
 26230 | Spider:4 | Identified the +8 flail of Kismet {speed, +Rage rPois}
 26642 | Shoals:1 | Entered Level 1 of the Shoals
 26642 | Shoals:1 | Found a frozen archway.
 26648 | IceCv    | Entered an ice cave
 27146 | IceCv    | Reached skill level 16 in Fighting
 27287 | IceCv    | Found a viscous altar of Jiyva.
 27386 | IceCv    | Identified the amulet of Muruver {Spirit rF+}
 27388 | IceCv    | Identified the amulet "Xiclic" {Spirit Int+4}
 27390 | IceCv    | Identified the Guide on Ice
 27956 | Shoals:1 | Found an ancient bone altar of Kikubaaqudgha.
 28484 | Shoals:2 | Reached XP level 17. HP: 133/158 MP: 26/26
 29443 | Shoals:2 | Upgraded the game from 0.27-a0-1188-g73eefd5def to
                  | 0.27-a0-1189-gb8eb6cee8e
 29472 | Shoals:3 | Reached skill level 10 in Shields
 30046 | Shoals:3 | Found Wudyf's Jewellery Shoppe.
 30449 | Shoals:4 | Entered Level 4 of the Shoals
 30743 | Shoals:4 | Noticed Bai Suzhen
 30772 | Shoals:4 | Killed Bai Suzhen
 30833 | Shoals:4 | Noticed Mara
 30842 | Shoals:4 | Noticed Vomitron's illusion
 30845 | Shoals:4 | Killed Mara
 30890 | Shoals:4 | HP: 2/160 [wind drake/the air (15)]
 30890 | Shoals:4 | Noticed Ilsuiw
 31198 | Shoals:4 | Reached skill level 15 in Invocations
 31370 | Shoals:4 | HP: 8/160 [merfolk/+0 trident (10)]
 31370 | Shoals:4 | The Shining One protects you from harm!
 31380 | Shoals:4 | HP: 8/160 [merfolk/+0 trident (13)]
 31388 | Shoals:4 | Killed Ilsuiw
 31389 | Shoals:4 | Reached skill level 17 in Fighting
 31606 | Shoals:4 | Reached skill level 10 in Polearms
 32066 | Shoals:4 | Got a barnacled rune of Zot
 32483 | Orc:2    | Bought a scroll of acquirement for 832 gold pieces
 32483 | Orc:2    | Bought a scroll of enchant weapon for 120 gold pieces
 32484 | Orc:2    | Acquired 1069 gold pieces
 32498 | Orc:2    | Bought a potion of magic for 120 gold pieces
 32498 | Orc:2    | Bought a potion of magic for 120 gold pieces
 32498 | Orc:2    | Bought a potion of haste for 150 gold pieces
 32500 | Orc:2    | Bought a pair of embroidered gloves for 195 gold pieces
 32777 | D:3      | Bought a scroll of enchant weapon for 82 gold pieces
 32777 | D:3      | Bought a scroll of enchant armour for 82 gold pieces
 32964 | D:13     | Found a runed translucent door.
 32984 | D:13     | Reached XP level 18. HP: 161/170 MP: 28/28
 33001 | D:13     | Found a runed translucent door.
 33002 | D:13     | Found Netoxuke's Weapon Emporium.
 33005 | D:13     | Found Kommaph's Jewellery Shop.
 33053 | D:13     | Noticed Rupert
 33054 | D:13     | Found a gate to the Vaults.
 33100 | D:13     | Killed Rupert
 33273 | D:13     | Noticed Nessos
 33278 | D:13     | Noticed Nessos
 33278 | D:13     | Nessos changed into Nessos the lindwurm
 33283 | D:13     | Killed Nessos the lindwurm
 33389 | D:13     | Found a runed translucent door.
 33407 | D:13     | Found a runed translucent door.
 33408 | D:13     | Found Ojawk's Antique Weapon Shoppe.
 33486 | D:13     | Found Jioxek's General Store.
 33594 | D:13     | Identified the ring of Typoy {rF+ rCorr}
 33628 | D:13     | Found Qiggasottu's Weapon Boutique.
 34025 | D:13     | Identified the +2 hunting sling "Meocs" {speed, rF- Str+4
                  | Dex+2}
 34706 | D:14     | Noticed Frances
 34717 | D:14     | Killed Frances
 35005 | Vaults:1 | Entered Level 1 of the Vaults
 36098 | Vaults:1 | Reached skill level 18 in Fighting
 36664 | Vaults:1 | Reached XP level 19. HP: 36/179 MP: 30/30
 38919 | Vaults:2 | Found Puetaas's Armour Shop.
 39320 | Vaults:2 | Found the +2 hat of the Bear Spirit {Spirit, +Rage rN+
                  | Will++}
 39457 | Vaults:2 | Found a portal to a secret trove of treasure.
 40575 | Vaults:3 | Noticed a bone dragon
 40589 | Vaults:3 | Killed a bone dragon
 40590 | Vaults:3 | Reached skill level 15 in Dodging
 40599 | Vaults:3 | Found a staircase to the Crypt.
 41143 | Vaults:3 | HP: 5/181 [vault warden/+2 antimagic great sword (42)]
 41167 | Vaults:3 | Mangled by a vault warden

Illustrated notes

Levels and vault maps discovered:
D:1:      minmay_arrival_glassed_features, layout_basic, basic_ecumenical_altar
D:2:      layout_basic, serial_shops, shop, guppyfry_early_orc_mine
D:3:      layout_loops_ring, nicolae_ru_sacrificial_ziggurat,
          grunt_qazlal_clouds, serial_shops, shop, lemuel_old_faithful
D:4:      layout_loops_cross, slow_altar_1, minmay_temple_entry_water_ring,
          uniq_sigmund
D:5:      layout_basic, nemelex_xobeh_ov_fountains_minmay,
          overflow_temple_1_default, hex_intersection, moated_statue, uniq_pikel
D:6:      layout_cave_pools, nicolae_elyvilon_peaceful_grove, nrook_campfire,
          minmay_a_box_with_orc_wizards_in_it, uniq_duvessa
D:7:      layout_rooms, zin_statuary, kennysheep_little_box
D:8:      layout_layer_cave, grunt_temple_overflow_magic_moments,
          lemuel_coloured_pillars_altar, minmay_fractal_squares_5
D:9:      layout_long_grid, kennysheep_mini
D:10:     gammafunk_mikee_crab_dinner, layout_rooms, moated_statue,
          minmay_misc_feat_five
D:11:     layout_loops_cross, david_lair_shrubbed, uniq_josephine, uniq_harold
D:12:     layout_cave_pods, david_orc_3
D:13:     kennysheep_green_arena, layout_cave_pools, david_vaults_3,
          serial_shops, shop, shop, nicolae_shop_window_shopping,
          kennysheep_mini_moat, shop, minivault_15, minmay_statue_crystal_thing,
          uniq_rupert
D:14:     layout_gridville, minmay_misc_feat_rugged, fountainhead,
          kennysheep_decorative_pillar, uniq_frances
Lair:1:   layout_gridlike, ebering_ghost_disaster_area, serial_bayou_shore_b,
          infiniplex_staircase_pool_2, grunt_megastairs_4, lemuel_fruit_fields
Lair:2:   layout_regular_city, elwin_shoals_entry_rocks, uniq_urug
Lair:3:   layout_layer_cave
Lair:4:   layout_long_grid, dummy_spider_entry
Lair:5:   layout_cave_pods, uniq_snorg
Lair:6:   minmay_lair_end_enchanted_forest, layout_regular_city,
          minmay_slime_entry_oklob_enclosed
Shoals:1: layout_shoals, portal_ice_cave_entry_pillars_four,
          lemuel_altar_in_water2, nicolae_shoals_undead_eyrie
Shoals:2: layout_shoals, nicolae_shoals_loop_pool
Shoals:3: argonaut_golden_fleece, layout_shoals, serial_shops, shop
Shoals:4: shoals_end_simple, layout_shoals, shoals_ilsuiw_ice, uniq_bai_suzhen,
          uniq_mara
Spider:1: layout_spider_delve, nicolae_spider_not_touching_you, uniq_nikola
Spider:2: layout_spider_delve, drop_trap, nicolae_spider_webs_and_nodes,
          nicolae_spider_swamp_cousins, uniq_aizul, uniq_donald
Spider:3: nicolae_spider_hilbert_zone_3 [nicolae_spider_hilbert_4_sides_2_open,
          nicolae_spider_hilbert_3_sides_1_open,
          nicolae_spider_hilbert_3_sides_1_open,
          nicolae_spider_hilbert_3_sides_1_open,
          nicolae_spider_hilbert_3_sides_1_open,
          nicolae_spider_hilbert_4_sides_1_open,
          nicolae_spider_hilbert_4_sides_1_open,
          nicolae_spider_hilbert_4_sides_1_open,
          nicolae_spider_hilbert_4_sides_1_open,
          nicolae_spider_hilbert_4_sides_1_open,
          nicolae_spider_hilbert_4_sides_1_open,
          nicolae_spider_hilbert_4_sides_1_open,
          nicolae_spider_hilbert_4_sides_1_open,
          nicolae_spider_hilbert_3_sides_1_open,
          nicolae_spider_hilbert_3_sides_1_open,
          nicolae_spider_hilbert_3_sides_1_open,
          nicolae_spider_hilbert_3_sides_1_open], ebering_ghost_rock_garden,
          uniq_arachne
Spider:4: floodkiller_spider_rune_tomb, gammafunk_ghost_necromancy
Orc:1:    layout_caves, basic_altar, kennysheep_orc_sif_temple
Orc:2:    st_orc_elflike, layout_caves
Vaults:1: hangedman_vaults_slice, nicolae_vaults_little_squares_2,
          ontoclasm_vaults_decontamination, v_misc_22,
          nicolae_vaults_little_squares_6, v_misc_27,
          nicolae_vaults_little_squares_2, hangedman_vaults_trim,
          layout_vaults_omnigrid
Vaults:2: nicolae_vaults_back_hallway, vaults_mumra_chevron, v_alt_pattern_2,
          v_misc_17, nicolae_vaults_windows_and_doors_thing,
          nicolae_vaults_octagons, vaults_mumra_hex, v_misc_2,
          vaults_room_hallway, vaults_room_grid, layout_vaults_ring,
          serial_shops, nicolae_shop_crystal, enter_trove_1
Vaults:3: nicolae_vaults_big_angled_halls, v_misc_9, hangedman_vaults_trim,
          minmay_crypt_entry_nasty_monster, v_misc_17, ontoclasm_vaults_eye,
          v_alt_pattern_5, ontoclasm_vaults_hangar, v_misc_27,
          hangedman_vaults_slice, st_eye, layout_vaults_maze

Skill      XL: |  1  2  3  4  5  6  7  8  9 10 11 12 13 14 15 16 17 18 19 |
---------------+----------------------------------------------------------+-----
Long Blades    | 1 2 3 4 5 7 8 10 11 12 13 | 13.9
Armour         | 1 2 3 5 6 7 9 10 11 13 14 15 16 17 | 17.5
Fighting       | 3 4 5 6 8 9 10 11 13 14 15 16 17 18 | 18.9
Invocations    | 1 2 4 6 7 8 9 11 12 13 14 15 16 | 16.7
Dodging        | 3 6 8 10 11 12 13 15 | 15.3
Shields        | 1 4 6 9 11 12 14 | 14.0
Polearms       | 4 8 10 12 13 | 13.3
Short Blades   | |  2.1
Throwing       | |  2.0
Stealth        | |  3.2

Action                   |  1- 3 |  4- 6 |  7- 9 | 10-12 | 13-15 | 16-18 | 19-21 || total
-------------------------+-------+-------+-------+-------+-------+-------+-------++-------
Melee: Dagger            |    61 |       |       |       |       |       |       ||    61
       Headbutt          |    12 |    38 |    21 |    75 |   304 |   393 |   154 ||   997
       Falchion          |    20 |   121 |    21 |    54 |     7 |       |       ||   223
       War axe           |       |       |   141 |   354 |   259 |       |       ||   754
       Long sword        |       |       |       |       |   836 |   586 |       ||  1422
       Trishula          |       |       |       |       |   136 |  1057 |   560 ||  1753
Throw: Dart              |       |    11 |       |    10 |    87 |    16 |       ||   124
       Throwing net      |       |       |       |       |     4 |       |       ||     4
Invok: Summon Divine War |       |       |       |       |     9 |     5 |       ||    14
       Cleansing Flame   |       |       |       |       |     2 |    21 |     7 ||    30
       Brand Weapon With |       |       |       |       |     1 |       |       ||     1
       Divine Shield     |       |       |       |       |       |     2 |       ||     2
Evoke: Wand              |       |       |       |     2 |    16 |    28 |       ||    46
       Phantom mirror    |       |       |       |       |       |     1 |       ||     1
  Use: Scroll            |       |       |    14 |     6 |    14 |    12 |       ||    46
       Potion            |       |       |       |     1 |    13 |    14 |     1 ||    29
Armor: Robe              |    30 |       |       |       |       |       |       ||    30
       Ring mail         |     1 |    12 |       |       |       |       |       ||    13
       Chain mail        |       |    62 |    97 |   131 |       |       |       ||   290
       Scale mail        |       |       |       |   171 |   811 |   692 |   140 ||  1814
       Skin              |       |       |       |       |    17 |       |       ||    17
Dodge: Dodged            |    57 |    41 |    77 |   358 |   945 |   965 |   158 ||  2601
Block: Buckler           |       |       |       |       |   349 |       |       ||   349
       Kite shield       |       |       |       |       |    39 |  1080 |   225 ||  1344
       Rpst.: Falchion   |     8 |     7 |     2 |     6 |     1 |       |       ||    24
       Long sword        |       |       |       |       |   107 |    69 |       ||   176

Table legend: (Time is in decaauts)
 A = Elapsed time spent in this place.
 B = Non-inter-level travel time spent in this place.
 C = Inter-level travel time spent in this place.
 D = Time resting spent in this place.
 E = Time spent auto-exploring this place.
 F = Levels seen in this place.
 G = Mean time per level.
                   A        B        C        D        E       F      G
               +--------+--------+--------+--------+--------+-----+--------+
         Total |  41326 |  37937 |   3389 |   6737 |  22146 |  34 | 1215.5 |
       Dungeon |  14759 |  13048 |   1711 |   1493 |   9218 |  14 | 1054.2 |
          Lair |   6782 |   6089 |    693 |    521 |   4363 |   6 | 1130.3 |
        Shoals |   4946 |   4731 |    215 |   1511 |   1645 |   4 | 1236.5 |
   Spider Nest |   6150 |   5870 |    280 |    997 |   2882 |   4 | 1537.5 |
  Orcish Mines |   1932 |   1603 |    329 |     88 |   1086 |   2 |  966.0 |
        Vaults |   5915 |   5757 |    158 |   1790 |   2942 |   3 | 1971.7 |
      Ice Cave |    837 |    837 |      0 |    335 |      9 |   1 |  837.0 |
               +--------+--------+--------+--------+--------+-----+--------+

Top non-repeatable levels by time:
Vaults:2: 2528 daAuts
Spider:3: 2045 daAuts
Vaults:1: 1999 daAuts
Spider:4: 1820 daAuts
Shoals:3: 1609 daAuts
     D:5: 1448 daAuts
    D:11: 1443 daAuts
     D:8: 1420 daAuts
Vaults:3: 1387 daAuts
     D:4: 1354 daAuts
  Lair:3: 1340 daAuts
Shoals:4: 1241 daAuts
  Lair:6: 1222 daAuts
Spider:1: 1185 daAuts
     D:3: 1156 daAuts
